 Dungeon Crawl Stone Soup version 0.29-a0-834-g1e95ca9f62 (webtiles) character file.

Game seed: 11940077972495775507

34 gobodom the Stinger (level 3, 0/24 HPs)
             Began as a Demonspawn Venom Mage on July 12, 2022.
             Slain by a gnoll
             ... wielding a +0 spear
              (6 damage)
             ... on level 2 of the Dungeon.
             The game lasted 00:03:28 (1869 turns).

gobodom the Stinger (Demonspawn Venom Mage)         Turns: 1869, Time: 00:03:28

Health: 0/24       AC:  2    Str:  8    XL:     3   Next: 14%
Magic:  3/7        EV: 12    Int: 18    God:
Gold:   18         SH:  0    Dex: 13    Spells: 6/7 levels left

rFire   . . .      SeeInvis .   (no weapon)
rCold   . . .      Faith    .   (no shield)
rNeg    . . .      Spirit   .   a - +0 robe
rPois   .          Reflect  .   (helmet restricted)
rElec   .          Harm     .   (no cloak)
rCorr   .          Rampage  .   (no gloves)
Will    .....                   (no boots)
Stlth   ++........              (no amulet)
HPRegen 0.08/turn               (no ring)
MPRegen 0.10/turn               (no ring)

@: flying, very slightly contaminated
A: horns 1, demonic touch 1
a: no special abilities


You were on level 2 of the Dungeon.
You visited 1 branch of the dungeon, and saw 2 of its levels.

You collected 18 gold pieces.

Inventory:

Armour
 a - a +0 robe (worn)
Potions
 b - a potion of magic
 d - a potion of attraction {unknown}
 e - a potion of curing


   Skills:
 + Level 1.7 Dodging
 + Level 2.0 Stealth
 + Level 0.4 Unarmed Combat
 + Level 2.7 Spellcasting
 + Level 1.0 Transmutations
 + Level 3.4 Poison Magic


You had 6 spell levels left.
You knew the following spells:

 Your Spells              Type           Power      Damage    Failure   Level
a - Sting                 Tmut/Pois      40%        1d5       7%          1

Your spell library contained the following spells:

 Spells                   Type           Power      Damage    Failure   Level
 Poisonous Vapours        Pois/Air       16%        N/A       13%         2
 Mephitic Cloud           Conj/Pois/Air  6%         N/A       32%         3
 Olgreb's Toxic Radiance  Pois           14%        N/A       38%         4


Dungeon Overview and Level Annotations

Branches:
Dungeon (2/15)

Altars:

Shops:
D:1 (


Innate Abilities, Weirdness & Mutations

You have a pair of small horns on your head.
Your touch may inflict minor irresistible damage on your foes.


Message History

HP restored.
Found 4 stones.
You open the door.
There is an open door here.
As you open the door, it creaks loudly! 3 gnolls come into view.
The gnoll shouts! x3; You hear a shout!
You miscast Sting.
You are very lightly contaminated with residual magic.
Nothing appears to happen.
The gnoll hits you from afar with a +0 spear.
A gnoll comes into view. It is wielding a +0 whip.
The sting misses the gnoll.
The gnoll hits you from afar with a +0 spear.
The gnoll hits you with a +0 spear.
There is an open door here.
You are too injured to fight recklessly!
You are too injured to fight recklessly!
Casting: Sting (safe; 7% risk of failure)
Confirm with . or Enter, or press ? or * to list all spells.
Aiming: Sting (safe; 7% risk of failure)
Press: ? - help, Shift-Dir - straight line, f/p - gnoll
Aim: a gnoll, wielding a +0 spear (75% to hit)
The sting misses the gnoll.
The gnoll hits you with a +0 spear!
* * * LOW HITPOINT WARNING * * *
Casting: Sting (safe; 7% risk of failure)
Confirm with . or Enter, or press ? or * to list all spells.
Aiming: Sting (safe; 7% risk of failure)
Press: ? - help, Shift-Dir - straight line, f/p - gnoll
Aim: a gnoll, wielding a +0 spear (75% to hit)
The sting hits the gnoll.
The gnoll is poisoned.
The gnoll is lightly wounded.
The gnoll closely misses you.
You aren't carrying any scrolls.
It was a potion of curing.
You feel better. The gnoll hits you with a +0 spear.
* * * LOW HITPOINT WARNING * * *
It was a potion of flight.
You feel very buoyant.
You fly up into the air.
The gnoll hits you with a +0 spear.
You die...

######## #######
#......# .......
#......# .......
#......# g......
#......#######g......
#......'.....@g......
#(.....#######g......
#####.#......#.......
#.#.####.#.......
#####.#.#<...##+#####
+................
#####.#.........#
######.###########
................


You could see 4 gnolls.

Vanquished Creatures
  A worm (D:2)
  3 dart slugs (D:1)
  A ball python (D:1)
  An endoplasm (D:2)
  3 giant cockroaches (D:1)
  A goblin (D:1)
  A hobgoblin (D:1)
  2 jackals (D:1)
  A quokka (D:1)
  2 bats (D:1)
  3 frilled lizards (D:1)
  4 kobolds (D:1)
  2 rats (D:1)
25 creatures vanquished.

Notes
Turn   | Place    | Note
-------+----------+-------------------------------------------
     0 | D:1      | gobodom the Demonspawn Venom Mage began the quest for the
                  | Orb.
     0 | D:1      | Reached XP level 1. HP: 13/13 MP: 3/3
    12 | D:1      | Found Peydalaf's Weapon Shop.
   485 | D:1      | Discovered your monstrous ancestry.
   485 | D:1      | Gained mutation: You have a pair of small horns on your
                  | head. [demonic ancestry]
   485 | D:1      | Reached XP level 2. HP: 3/19 MP: 1/5
  1252 | D:1      | Found a faded altar of an unknown god.
  1478 | D:1      | Reached skill level 1 in Transmutations
  1478 | D:1      | Gained mutation: Your touch may inflict minor irresistible
                  | damage on your foes. [demonic ancestry]
  1478 | D:1      | Reached XP level 3. HP: 17/24 MP: 4/7
  1866 | D:2      | HP: 1/24 [gnoll/+0 spear (8)]
  1869 | D:2      | Slain by a gnoll

Illustrated notes

Levels and vault maps discovered:
D:1:      dpeg_arrival_arbitrary_c, layout_loops_ring, serial_shops,
          shop_fountains, chequers_ecumenical_altar_grove,
          hangedman_decor_peaks_small, hangedman_feature_mirror,
          minmay_misc_feat_tower, minmay_distorted
D:2:      layout_basic, serial_bayou_pond_a, minmay_hexomino_p4

Skill      XL: |  1  2 |
---------------+-------+-----
Stealth        | 2 |  2.0
Transmutations | 1 |  1.0
Dodging        | |  1.7
Unarmed Combat | |  0.4
Spellcasting   | |  2.7
Poison Magic   | |  3.4

Action                   || total
-------------------------++-------
Melee: Unarmed           ||    52
       Headbutt          ||     3
       Touch             ||     1
 Cast: Sting             ||    53
  Use: Scroll            ||     2
       Potion            ||     2
Armor: Robe              ||    17
Dodge: Dodged            ||    62

Table legend: (Time is in decaauts)
 A = Elapsed time spent in this place.
 B = Non-inter-level travel time spent in this place.
 C = Inter-level travel time spent in this place.
 D = Time resting spent in this place.
 E = Time spent auto-exploring this place.
 F = Levels seen in this place.
 G = Mean time per level.
                   A        B        C        D        E       F      G
               +--------+--------+--------+--------+--------+-----+--------+
         Total |   1868 |   1855 |     13 |     47 |   1559 |   2 |  934.0 |
       Dungeon |   1868 |   1855 |     13 |     47 |   1559 |   2 |  934.0 |
               +--------+--------+--------+--------+--------+-----+--------+

Top non-repeatable levels by time:
     D:1: 1743 daAuts
     D:2: 124 daAuts
